 Dungeon Crawl Stone Soup version 0.27.0-1-g7a089689b8 (webtiles) character file.

Game seed: 5630671756504961225

4 Spectrina the Magician (level 1, 0/15 HPs)
             Began as a Djinni Necromancer on Aug 17, 2021.
             Slain by a hobgoblin (2 damage)
             ... on level 1 of the Dungeon.
             The game lasted 00:00:39 (89 turns).

Spectrina the Magician (Djinni Necromancer)           Turns: 89, Time: 00:00:39

Health: 0/15       AC:  2    Str:  7    XL:     1   Next: 66%
Gold:   38         EV: 12    Int: 16    God:
                   SH:  0    Dex: 13

rFire    + + .     SeeInvis .   b - +0 dagger
rCold    x . .     Faith    .   (no shield)
rNeg     . . .     Spirit   .   a - +0 robe
rPois    ∞         Reflect  .   (no helmet)
rElec    .         Harm     .   (no cloak)
rCorr    .         Rampage  .   (no gloves)
Will     .....                  (boots unavailable)
Stlth    ++........             (no amulet)
HPRegen  0.05/turn              (no ring)
MPRegen  0.00/turn              (no ring)

@: flying
A: sickness immunity, fire resistance 2, cold vulnerability 1, float, innate
caster, hp casting, extra vitality 1
a: no special abilities


You were on level 1 of the Dungeon.
You visited 1 branch of the dungeon, and saw 1 of its levels.

You collected 38 gold pieces.

Inventory:

Hand Weapons
 b - a +0 dagger (weapon)
Armour
 a - a +0 robe (worn)


   Skills:
 - Level 2.1 Dodging
 - Level 1.5 Stealth
 + Level 3.4 Spellcasting


You couldn't memorise any spells.
You knew the following spells:

 Your Spells              Type           Power      Damage    Failure   Level
a - Pain                  Necr           52%        1d6       4%          1
b - Animate Skeleton      Necr           26%        N/A       4%          1
c - Vampiric Draining     Necr           6%         2d6       13%         3
d - Animate Dead          Necr           6%         N/A       41%         4
e - Agony                 Necr           13%        N/A       77%         5
Your spell library was empty.

Dungeon Overview and Level Annotations

Branches:
Dungeon (1/15)

Altars:


Innate Abilities, Weirdness & Mutations

You are immune to sickness and miasma.
You are immune to poison.
Your flesh is very heat resistant. (rF++)
You are vulnerable to cold. (rC-)
You float through the air rather than walking.
You learn spells naturally, not from books.
Your magical power is your life essence.
You have superior vitality. (+4 HP)


Message History

The hobgoblin shouts!
You see here 11 gold pieces.
You now have 20 gold pieces (gained 11).
A hobgoblin comes into view.
You see here 11 gold pieces.
You now have 31 gold pieces (gained 11).
The rat bites the fungus.
The fungus begins to die.
You see here 7 gold pieces.
You now have 38 gold pieces (gained 7).
The rat bites the fungus.
You hit the fungus.
The fungus begins to die.
The fungus is lightly damaged.
The rat bites the fungus.
The fungus begins to die.
A nearby fungus withers and dies.
The hobgoblin hits you but does no damage.
A nearby fungus withers and dies. x2; The hobgoblin hits the fungus.
The fungus begins to die.
You see here a bat corpse.
A nearby fungus withers and dies.
The rat twitches its whiskers.
You hit the hobgoblin but do no damage. The hobgoblin misses you.
You hit the hobgoblin but do no damage. The hobgoblin hits you.
You hit the hobgoblin.
The hobgoblin is heavily wounded.
The hobgoblin closely misses you.
You hit the hobgoblin.
You kill the hobgoblin!
You hit the hobgoblin.
The hobgoblin is moderately wounded.
The hobgoblin misses you.
You hit the hobgoblin but do no damage.
The hobgoblin is moderately wounded.
The hobgoblin hits you.
* * * LOW HITPOINT WARNING * * *
You hit the hobgoblin but do no damage.
The hobgoblin is moderately wounded.
The hobgoblin barely misses you.
You barely miss the hobgoblin.
The hobgoblin is moderately wounded.
The hobgoblin hits you.
You die...

#...........###.##
#.................
#####.........#.....# .
......PP.P....#.....#..
...........†..).......
......P$$.P.g.......#.
.......$$$P...........
......PPPPP...###.#.#.
......+......rg@....+
......###########...#
+####. ..... ## >...
###


You could see a hobgoblin and a rat.

Vanquished Creatures
  A hobgoblin (D:1)
  2 kobolds (D:1)
  A bat (D:1)
4 creatures vanquished.

Vanquished Creatures (others)
  5 fungi (D:1)
5 creatures vanquished.

Grand Total: 9 creatures vanquished

Notes
Turn   | Place    | Note
-------+----------+-------------------------------------------
     0 | D:1      | Spectrina the Djinni Necromancer began the quest for the
                  | Orb.
     0 | D:1      | Reached XP level 1. HP: 15/15 MP: 0/0
    89 | D:1      | Slain by a hobgoblin

Illustrated notes

Levels and vault maps discovered:
D:1:      dpeg_arrival_round_c, layout_basic, hangedman_decor_points,
          minmay_gold_behind_fungi

Action                   || total
-------------------------++-------
Melee: Dagger            ||    14
 Cast: Pain              ||     4
Armor: Robe              ||     1
Dodge: Dodged            ||     4
